 Dungeon Crawl Stone Soup version 0.18.1-50-g88ac8fd (webtiles) character file.

364 Flanowski the Sneak (level 6, -3/32 HPs)
             Began as a Vine Stalker Assassin on Sept 15, 2016.
             Was an Initiate of Ashenzari.
             Shot with an arrow by a centaur (7 damage)
             ... on level 4 of the Dungeon.
             The game lasted 00:08:01 (2473 turns).

Flanowski the Sneak (Vine Stalker Assassin)         Turns: 2473, Time: 00:08:01

Health: -3/32      AC:  4    Str: 13    XL:     6   Next: 67%
Magic:  0/7        EV: 15    Int: 11    God:    Ashenzari [......]
Gold:   145        SH:  0    Dex: 21    Spells: 0 memorised, 5 levels left

rFire  x . .     SeeInvis .     a - +2 dagger
rCold  + . .     Gourm    +     c - +1 robe
rNeg   . . .     Faith    .     (no shield)
rPois  .         Spirit   +     (no helmet)
rElec  .         Dismiss  .     d - +0 cloak
rCorr  .         Reflect  .     (no gloves)
SustAt .         Harm     .     (no boots)
MR     .....                    y - amulet of the gourmand
Stlth  ++++......               o - ring of ice
                                B - +3 ring of dexterity

@: not resistant to hostile enchantments, stealthy
A: fangs 2, regeneration 2, magic shield, antimagic bite, no device heal 3, rot
immunity
a: Curse Item, Renounce Religion


You were on level 4 of the Dungeon.
You worshipped Ashenzari.
Ashenzari was noncommittal.
You were not hungry.

You visited 1 branch of the dungeon, and saw 4 of its levels.

You collected 145 gold pieces.

Inventory:

Hand Weapons
 a - a +2 dagger (weapon)
 b - a +0 blowgun
Missiles
 e - 8 poisoned needles
 f - 2 curare-tipped needles
Armour
 c - a +1 robe (worn)
 d - a +0 cloak (worn)
 n - a +0 pair of boots
Jewellery
 k - an uncursed ring of flight
 o - a ring of ice (right hand)
 y - an amulet of the gourmand (around neck)
 B - a +3 ring of dexterity (left hand)
Wands
 v - a wand of slowing (19/48)
Scrolls
 i - 2 scrolls of identify
 s - 4 scrolls of fog
 x - 2 scrolls of magic mapping
 A - a scroll of enchant armour
Potions
 h - 2 potions of flight {unknown}
 j - a potion of invisibility {unknown}
 m - a potion of magic
 p - a potion of berserk rage {unknown}
 q - a potion of brilliance {unknown}
 t - a potion of heal wounds {unknown}
 u - a potion of agility
 w - a potion of degeneration {unknown}
 z - a potion of mutation {unknown}
 C - a potion of cure mutation {unknown}
Comestibles
 g - a bread ration
 l - a fruit
 r - a royal jelly


   Skills:
 + Level 2.6 Fighting
 + Level 2.4 Short Blades
 - Level 1.7 Throwing
 * Level 4.0 Dodging
 + Level 6.3 Stealth


You had 5 spell levels left.
You didn't know any spells.

Dungeon Overview and Level Annotations

Branches:
Dungeon (4/15)
 Temple: D:4-7

Altars:
Ashenzari
Gozag
Kikubaaqudgha
Qazlal
Ru
Trog
Vehumet


Innate Abilities, Weirdness & Mutations

You have extremely sharp teeth.
You heal very quickly.
When hurt, damage is shared between your health and your magic reserves.
Your bite disrupts and absorbs the magic of your enemies.
Potions and wands cannot restore your health.
You are immune to rotting.


Message History

A quokka and a skeleton come into view.
You hit the worker ant but do no damage.
You bite the worker ant, but do no damage.
The worker ant is moderately wounded.
The centaur shoots an arrow.
The arrow hits you. The arrow burns you. The worker ant barely misses you.
The centaur shoots an arrow.
The arrow barely misses you.
You hit the worker ant but do no damage.
You bite the worker ant. You drain its power.
You feel invigorated.
The worker ant is moderately wounded.
The worker ant barely misses you.
The centaur shoots an arrow.
The arrow hits you!
* * * LOW HITPOINT WARNING * * *
The arrow burns you.
* * * LOW HITPOINT WARNING * * *
The centaur skeleton hits you.
* * * LOW HITPOINT WARNING * * *
An orc wizard comes into view. It is wielding a dagger.
The centaur shoots an arrow.
The arrow hits you!
You die...

#.#
#...'_#≈###.###........
#.#
#..≈###≈.........######
#.#
###≈≈≈≈≈##..###......#
#.# ####.###..#
#..###.. #.#########.#
#..# ...# ............#
#..##..## ..########..#
#......# ..# #..#
##.##.(## .....
#..####@##...# .#####
#..#..(a...#.# .#
......Z........ .#
#.....####c.### .#
#..... o..# .# #.#...
r.# # ##. ... #. .##


You could see a centaur, a worker ant, an orc wizard (wandering), a quokka and a
centaur skeleton.

Vanquished Creatures
  An ogre (D:4)
  A vampire bat (D:2)
  2 orc wizards
  Ijyb (D:2)
  5 adders
  An ooze (D:3)
  3 dart slugs (D:2)
  3 giant geckos (D:1)
  14 orcs
  5 bats
  6 bat skeletons (D:2)
  3 giant cockroaches
  7 hobgoblins
  8 jackals
  A quokka (D:2)
  5 ball pythons
  2 giant newts
  10 goblins
  A jackal skeleton (D:4)
  3 kobolds (D:1)
  6 rats
88 creatures vanquished.

Notes
Turn   | Place    | Note
--------------------------------------------------------------
     0 | D:1      | Flanowski the Vine Stalker Assassin began the quest for the Orb.
     0 | D:1      | Reached XP level 1. HP: 11/11 MP: 2/2
    36 | D:1      | Reached skill level 1 in Dodging
    36 | D:1      | Reached skill level 5 in Stealth
    90 | D:1      | Reached XP level 2. HP: 11/15 MP: 0/3
   472 | D:1      | Reached XP level 3. HP: 18/18 MP: 4/4
   662 | D:2      | Found a shattered altar of Ashenzari.
   670 | D:2      | Noticed Ijyb
   693 | D:2      | Killed Ijyb
   697 | D:2      | Reached XP level 4. HP: 23/23 MP: 5/5
   698 | D:2      | Found a radiant altar of Vehumet.
  1047 | D:2      | Found a stormy altar of Qazlal.
  1178 | D:2      | Found an ancient bone altar of Kikubaaqudgha.
  1193 | D:2      | Reached XP level 5. HP: 17/27 MP: 6/6
  1448 | D:2      | Became a worshipper of Ashenzari the Shackled
  1791 | D:3      | Found a sacrificial altar of Ru.
  2071 | D:3      | Gained mutation: You heal very quickly. [Vine Stalker growth]
  2071 | D:3      | Reached XP level 6. HP: 20/32 MP: 7/7
  2082 | D:3      | Found a faded altar to an unknown god.
  2092 | D:3      | Reached skill level 6 in Stealth
  2108 | D:3      | Found a bloodstained altar of Trog.
  2446 | D:4      | Found an opulent altar of Gozag.
  2473 | D:4      | Shot with an arrow by a centaur

Skill      XL: |  1  2  3  4  5  6 |
---------------+-------------------+-----
Dodging        | 1 2 3 4 |  4.0
Stealth        | 5 6 |  6.3
Fighting       | 2 |  2.6
Short Blades   | 2 |  2.4
Throwing       | |  1.7

Action                   |  1- 3 |  4- 6 || total
-------------------------+-------+-------++-------
Melee: Dagger            |    79 |   200 ||   279
       Bite              |    15 |    53 ||    68
  Use: Scroll            |     4 |     3 ||     7
 Stab: Sleeping          |     6 |    13 ||    19
       Distracted        |       |     1 ||     1
  Eat: Chunk             |       |     7 ||     7
Armor: Robe              |    18 |    63 ||    81
Dodge: Dodged            |    51 |   144 ||   195
